 Dungeon Crawl Stone Soup version 0.31-a0-214-gb37851dbb3 (webtiles) character file.

Game seed: 13149730560658664579

150 qw the Shooter (level 5, 0/45 HPs)
             Began as a Minotaur Hexslinger on July 1, 2023.
             Slain by a kobold
             ... wielding a +0 dagger
              (1 damage)
             ... on level 4 of the Dungeon.
             The game lasted 00:00:52 (2768 turns).

qw the Shooter (Minotaur Hexslinger)                Turns: 2768, Time: 00:00:53

Health: 0/45       AC:  6    Str: 13    XL:     5   Next: 10%
Magic:  5/5        EV: 11    Int: 10    God:
Gold:   64         SH:  0    Dex: 14    Spells: 5/6 levels left

rFire   . . .        Y - +1 sling
rCold   . . .        (no shield)
rNeg    . . .        d - +0 ring mail
rPois   .            (helmet restricted)
rElec   .            (no cloak)
rCorr   .            (no gloves)
SInv    .            j - +0 pair of boots
Will    .....        f - amulet of the acrobat
Stlth   +            (no ring)
HPRegen 0.27/turn    (no ring)
MPRegen 0.09/turn

%: acrobat
@: no status effects
A: horns 2, retaliatory headbutt
a: no special abilities


You were on level 4 of the Dungeon.
You visited 1 branch of the dungeon, and saw 4 of its levels.

You collected 154 gold pieces.
You spent 90 gold pieces at shops.


Innate Abilities, Weirdness & Mutations

You have a pair of horns on your head.
You reflexively headbutt those who attack you in melee.


   Skills:
 - Level 3.0 Fighting
 + Level 5.0 Ranged Weapons
 - Level 1.3 Armour
 - Level 2.1 Dodging
 - Level 1.0 Spellcasting
 - Level 2.0 Hexes


You had 5 spell levels left.
You knew the following spells:

 Your Spells              Type           Power      Damage    Failure   Level
a - Slow                  Hex            16%        N/A       32%         1

Your spell library contained the following spells:

 Spells                   Type           Power      Damage    Failure   Level
 Inner Flame              Hex/Fire       2%         N/A       82%         3
 Portal Projectile        Hex/Tloc       4%         N/A       82%         3
 Cause Fear               Hex            2%         N/A       97%         4

Inventory:

Hand Weapons
 Y - a +1 sling (weapon)
Armour
 d - a +0 ring mail (worn)
 j - a +0 pair of boots (worn)
Jewellery
 f - an amulet of the acrobat (around neck)
Scrolls
 a - a scroll of identify
Potions
 b - a potion of enlightenment
 c - 2 potions of cancellation
 m - a potion of curing
 n - a potion of berserk rage {unknown}

Dungeon Overview and Level Annotations

Branches:
Dungeon (4/15)
 Temple: D:4-7

Altars:
Zin

Shops:
D:1 (

Annotations:
D:2 1 runed translucent door, Crazy Yiuf


Message History

The iguana is lightly wounded.
You shoot a sling bullet.
The sling bullet hits the iguana but does no damage.
The iguana is lightly wounded.
An endoplasm comes into view.
The iguana bites you.
An adder comes into view.
The kobold throws a stone.
The stone barely misses you.
You shoot a sling bullet. The adder hisses angrily.
The sling bullet hits the iguana.
The iguana is lightly wounded.
The iguana bites you!
The kobold throws a stone.
The stone closely misses you.
The kobold throws a stone.
The stone misses you. The iguana bites you!
You shoot a sling bullet.
The sling bullet hits the iguana but does no damage.
The iguana is lightly wounded.
The iguana misses you.
You shoot a sling bullet. The sling bullet hits the iguana.
The iguana is moderately wounded.
The iguana barely misses you. You furiously retaliate!
You headbutt the iguana! You shoot a sling bullet.
The sling bullet hits the iguana.
You kill the iguana!
The adder bites you but does no damage.
Your Fighting skill increases to level 3!
You have reached level 5!
You shoot a sling bullet.
The sling bullet closely misses the adder.
The adder bites you.
The endoplasm hits you but does no damage.
The adder bites you but does no damage.
You shoot a sling bullet. The sling bullet misses the adder.
The adder bites you. The endoplasm freezes you.
You are frozen.
The kobold hits you but does no damage. The adder closely misses you.
You shoot a sling bullet. The sling bullet hits the adder.
The adder is lightly wounded.
The kobold hits you with a +0 dagger.
You die...

#...#.... ...'....
#...#.... ..#....
#...#.... ####'#...
#.###....
#.......#######.#......
#.......#.......#......
#.......+.......#......
#....KSJ#.......#......
#.....@.#.......#......
#...%%..#.##...##......
#....%#'##.####+#.......
#.....#....# #.......
#.....#....#
#.....#....#
#.....#....#
#.....#....#
#.....#....#


You could see an adder, an endoplasm and a kobold.

Vanquished Creatures
  An iguana (D:4)
  An orc wizard (D:1)
  4 adders
  3 worms
  7 orcs
  4 endoplasms
  A giant cockroach (D:1)
  4 hobgoblins
  3 jackals (D:4)
  6 kobolds
  2 quokkas
  3 ball pythons
  2 bats
  3 frilled lizards
  3 goblins
  2 rats (D:2)
49 creatures vanquished.

Notes
Turn   | Place    | Note
-------+----------+-------------------------------------------
     0 | D:1      | qw the Minotaur Hexslinger began the quest for the Orb.
     0 | D:1      | Reached XP level 1. HP: 16/16 MP: 1/1
     0 | D:1      | 0 ||| qw: Version: 0.3-a-32-g5962c71
     0 | D:1      | 0 ||| qw: Game counter: 7538
     0 | D:1      | 0 ||| qw: Melee chars always use a shield: true
     0 | D:1      | 0 ||| qw: God list: Okawaru
     0 | D:1      | 0 ||| qw: Allow faded altars: false
     0 | D:1      | 0 ||| qw: Do Orc after clearing Dungeon:15 true
     0 | D:1      | 0 ||| qw: Do second Lair branch before Depths: true
     0 | D:1      | 0 ||| qw: Lair rune preference: random
     0 | D:1      | 0 ||| qw: Goals: Normal
     0 | D:1      | 0 ||| PLANNING D:1-11
   361 | D:1      | Found Vyacs's Weapon Emporium.
   556 | D:1      | You fall into a shaft and drop 1 floor!
   627 | D:2      | Reached skill level 3 in Ranged Weapons
   627 | D:2      | Reached XP level 2. HP: 23/23 MP: 2/2
   758 | D:2      | Found a runed translucent door.
   759 | D:2      | Noticed Crazy Yiuf
   884 | D:2      | 884 ||| UPGRADING to +0 leather armour.
   894 | D:2      | 894 ||| DROPPING +0 robe.
   895 | D:2      | 895 ||| UPGRADING to amulet of the acrobat.
   900 | D:2      | 900 ||| READING 3 scrolls labelled HAWEIS OCHEE.
   901 | D:2      | 901 ||| READING scroll labelled GOENNE JILI.
   906 | D:2      | 906 ||| READING 2 scrolls of identify.
   906 | D:2      | 906 ||| IDENTIFYING metallic emerald potion
   907 | D:2      | 907 ||| DROPPING scroll of poison.
   908 | D:2      | 908 ||| DROPPING potion of brilliance.
  1520 | D:2      | Reached XP level 3. HP: 27/29 MP: 3/3
  1635 | D:2      | 1635 ||| FLEEEEING.
  1641 | D:2      | 1641 ||| FLEEEEING.
  1642 | D:2      | 1642 ||| FLEEEEING.
  1645 | D:2      | 1645 ||| FLEEEEING.
  1647 | D:2      | 1647 ||| STAIRDANCE
  1657 | D:1      | 1657 ||| READING 2 scrolls of identify.
  1657 | D:1      | 1657 ||| IDENTIFYING golden potion
  1667 | D:2      | 1667 ||| STAIRDANCE
  1669 | D:2      | 1669 ||| STAIRDANCE
  1685 | D:1      | Reached skill level 4 in Ranged Weapons
  1741 | D:2      | 1741 ||| STAIRDANCE
  1791 | D:2      | Reached XP level 4. HP: 36/36 MP: 4/4
  2112 | D:3      | Reached skill level 5 in Ranged Weapons
  2145 | D:3      | Found Zin's Purification Station.
  2145 | D:3      | Found a glowing silver altar of Zin.
  2152 | D:3      | 2152 ||| BUYING potion of curing (90 gold).
  2152 | D:3      | Bought a potion of curing for 90 gold pieces
  2225 | D:3      | Found a faded altar of an unknown god.
  2402 | D:3      | 2402 ||| UPGRADING to +0 ring mail.
  2412 | D:3      | 2412 ||| DROPPING +0 leather armour.
  2413 | D:3      | 2413 ||| UPGRADING to +0 pair of boots.
  2418 | D:3      | 2418 ||| READING scroll labelled AQARHO LAYPTO.
  2419 | D:3      | 2419 ||| READING scroll labelled FACARU TUTAGE.
  2420 | D:3      | 2420 ||| READING scroll labelled BINTAH GUQIGIEV.
  2521 | D:3      | 2521 ||| DRINKING 3 sedimented clear potions.
  2522 | D:3      | 2522 ||| READING 3 scrolls of identify.
  2522 | D:3      | 2522 ||| IDENTIFYING fuming ruby potion
  2523 | D:3      | 2523 ||| READING 2 scrolls of identify.
  2523 | D:3      | 2523 ||| IDENTIFYING sapphire potion
  2524 | D:3      | 2524 ||| DROPPING potion of degeneration.
  2525 | D:3      | 2525 ||| DROPPING potion of attraction.
  2674 | D:4      | Reached skill level 1 in Armour
  2759 | D:4      | 2759 ||| FLEEEEING.
  2762 | D:4      | HP: 6/37 [iguana (11)]
  2766 | D:4      | Reached skill level 3 in Fighting
  2766 | D:4      | Reached XP level 5. HP: 9/45 MP: 5/5
  2767 | D:4      | HP: 6/45 [adder (3)]
  2767 | D:4      | HP: 1/45 [frozen (5)]
  2768 | D:4      | Slain by a kobold

Levels and vault maps discovered:
D:1:      tekkud_arrival_beachfront_property, layout_basic, serial_shops, shop,
          minmay_misc_feat_more_columns
D:2:      layout_loops_ring, uniq_crazy_yiuf_cottage
D:3:      layout_rooms, zin_purify, nicolae_ecumenical_oubliette,
          minmay_gold_behind_fungi
D:4:      lemuel_castle_with_subvaults [lemuel_castle_interior_carwin_3],
          layout_gridville, lemuel_blue_sif_altar,
          mainiacjoe_overflow_tiny_flanked, overflow_temple_1_default

Skill      XL: |  1  2  3  4 |
---------------+-------------+-----
Ranged Weapons | 3 4 5 |  5.0
Fighting       | 2 3 |  3.0
Armour         | 1 |  1.3
Dodging        | |  2.1
Spellcasting   | |  1.0
Hexes          | |  2.0

Action                     |  1- 3 |  4- 6 || total
---------------------------+-------+-------++-------
   Fire: Sling             |   101 |    79 ||   180
    Use: Scroll            |     4 |     5 ||     9
         Potion            |       |     1 ||     1
 Armour: Robe              |     1 |       ||     1
         Leather armour    |     9 |     3 ||    12
         Ring mail         |       |    12 ||    12
  Dodge: Dodged            |    26 |    27 ||    53

Table legend:
 A = Non-vault XP
 B = Vault XP
 C = Vault XP percentage of total XP
 D = Non-vault monster count
 E = Vault monster count
 F = Vault count percentage of total count
                 A         B        C        D         E       F
            +---------+---------+-------+---------+---------+-------
      Total |     215 |       0 |   0.0 |      49 |       0 |   0.0
            +---------+---------+-------+---------+---------+-------
        D:1 |      51 |       0 |   0.0 |      11 |       0 |   0.0
        D:2 |      51 |       0 |   0.0 |      16 |       0 |   0.0
        D:3 |      38 |       0 |   0.0 |      12 |       0 |   0.0
        D:4 |      75 |       0 |   0.0 |      10 |       0 |   0.0
            +---------+---------+-------+---------+---------+-------
